 Dungeon Crawl Stone Soup version 0.28-a0-899-gf2b78a14d2 (webtiles) character file.

Game seed: 1354142831478946730

8738 AvatarAndi78 the Carver (level 11, -21/99 HPs)
             Began as a Minotaur Berserker on Nov 23, 2021.
             Was an Elder of Trog.
             Killed from afar by a frost giant (50 damage)
             ... with a bolt of cold
             ... on level 11 of the Dungeon.
             The game lasted 00:25:04 (11892 turns).

AvatarAndi78 the Carver (Minotaur Berserker)       Turns: 11892, Time: 00:25:09

Health: -21/99     AC: 18    Str: 25    XL:     11   Next: 13%
Magic:  10/10      EV: 22    Int:  4    God:    Trog [****..]
Gold:   376        SH: 10    Dex: 14    Spells: 10/10 levels left

rFire   + . .      SeeInvis .   H - +7 long sword of Vanity {freeze, rPois Str+2}
rCold   . . .      Faith    .   v - +0 kite shield
rNeg    . . .      Spirit   .   J - +1 plate armour of the Dwarven Hall {Dex+2}
rPois   +          Reflect  .   (helmet restricted)
rElec   .          Harm     .   q - +0 cloak
rCorr   .          Rampage  .   (no gloves)
Will    ++...                   r - +0 pair of boots
Stlth   ..........              f - amulet of the acrobat
HPRegen 1.26/turn               i - ring of protection from fire
MPRegen 0.12/turn               a - ring of poison resistance

@: strong-willed, acrobatic, regenerating
A: horns 2, retaliatory headbutt
a: Renounce Religion, Berserk, Trog's Hand, Brothers in Arms


You were on level 11 of the Dungeon.
You worshipped Trog.
Trog was greatly pleased with you.
You visited 1 branch of the dungeon, and saw 11 of its levels.
You also visited: Sewer and Ossuary.

You collected 432 gold pieces.
You spent 56 gold pieces at shops.

Inventory:

Hand Weapons
 C - a +4 flail
 H - the +7 long sword of Vanity (weapon) {freeze, rPois Str+2}
   (You found it on level 7 of the Dungeon)

   It freezes those it strikes, dealing additional cold damage.
   It can also slow down cold-blooded creatures.
   Str:       It affects your strength (+2).
   rPois:     It protects you from poison.
Missiles
 p - 4 throwing nets (quivered)
Armour
 q - a +0 cloak (worn)
 r - a +0 pair of boots (worn)
 s - +0 acid dragon scales
 v - a +0 kite shield (worn)
 B - the +2 ring mail "Gisieh" {rF+++ Str-4 Int+2 Stlth+}
   (You found it on level 6 of the Dungeon)

   Str:       It affects your strength (-4).
   Int:       It affects your intelligence (+2).
   rF:        It renders you almost immune to fire.
   Stlth:     It makes you more stealthy.
 J - the +1 plate armour of the Dwarven Hall (worn) {Dex+2}
   (You found it on level 8 of the Dungeon)

   Dex:       It affects your dexterity (+2).
Jewellery
 a - a ring of poison resistance (right hand)
 c - a ring of see invisible
 f - an amulet of the acrobat (around neck)
 i - a ring of protection from fire (left hand)
 A - a ring of fire
 F - a ring of protection from fire
Wands
 b - a wand of flame (13)
 o - a wand of digging (8)
 I - a wand of mindburst (8)
Scrolls
 d - a scroll of noise {unknown}
 e - 8 scrolls of teleportation
 g - a scroll of fear {unknown}
 k - a scroll of blinking
 l - 5 scrolls of enchant weapon
 x - 3 scrolls of enchant armour {unknown}
 y - 4 scrolls of fog
 E - 2 scrolls of amnesia {unknown}
Potions
 h - a potion of curing {unknown}
 j - 3 potions of flight
 m - 3 potions of cancellation
 n - a potion of magic
 t - a potion of ambrosia {unknown}
 u - a potion of heal wounds {unknown}
 w - 2 potions of invisibility {unknown}
 z - a potion of resistance {unknown}


   Skills:
 + Level 9.8 Fighting
 + Level 11.8 Long Blades
 + Level 5.6(6.8) Axes
 + Level 5.7(6.9) Maces & Flails
 + Level 9.6 Armour
 + Level 4.9 Dodging
 + Level 1.8 Stealth
 + Level 5.8 Shields


You had 10 spell levels left.
You didn't know any spells.
Your spell library was empty.

Dungeon Overview and Level Annotations

Branches:
Dungeon (12/15)            Temple (0/1) D:4            Lair (0/6) D:9
  Sewer (visited)         Ossuary (visited)
    Orc: D:9-12

Altars:
Ashenzari
Cheibriados
Dithmenos
Fedhas
Gozag
Hepliaklqana
Makhleb
Nemelex Xobeh
Ru
Trog
Wu Jian
Zin
The Shining One

Shops:
D:2 ?   D:3 *

Annotations:
D:12 Nessos


Innate Abilities, Weirdness & Mutations

You have a pair of horns on your head.
You reflexively headbutt those who attack you in melee.


Message History

You closely miss the ice beast.
The ice beast is severely wounded.
A polar bear comes into view.
The ice beast closely misses you.
The polar bear growls angrily.
The frost giant points at you and mumbles some strange words.
The bolt of cold hits the ice beast.
The ice beast completely resists.
The bolt of cold misses you.
The frost giant gestures at you while chanting.
The bolt of cold hits the ice beast.
The ice beast completely resists.
The bolt of cold misses you.
You fail to use your ability.
A wizard comes into view. It is wielding a +0 dagger.
You block the ice beast's attack.
Your ogre goes berserk!
The ice beast hits you but does no damage.
Your ogre goes berserk!
The frost giant points at you and mumbles some strange words.
The bolt of cold hits the ice beast.
The ice beast completely resists.
The bolt of cold hits you!!!
* * * LOW HITPOINT WARNING * * *
The ice beast hits you but does no damage.
A gargoyle comes into view. It is wielding a +0 morningstar.
Your ogre hits the frost giant with a +0 giant spiked club!!
Your ogre barely misses the frost giant.
Your ogre hits the frost giant with a +0 giant spiked club!!
Okay, then.
Okay, then.
The frost giant hits your ogre with a +1 battleaxe of freezing!!
The frost giant freezes your ogre.
The frost giant hits your ogre with a +1 battleaxe of freezing!
The frost giant freezes your ogre.
Your ogre hits the frost giant with a +0 giant spiked club!! x2
The frost giant casts a spell at you. The bolt of cold hits your ogre!!
Your ogre dies!
Your ogre's corpse disappears in a puff of smoke!
The bolt of cold hits you!!!
Ouch! That really hurt!
You die...

..........# ..........#
#.###........#
....##.9.$...#
....##..$...# ....##....#
#...##...# #...#...#
#)#.#...#ยง@.+
#:...pYCO".##+##
#:#.#.hh#.......# ###
#...#.....(.# ....
#...##.......# ....
....##........#..........
....#
#........#..........
....#
#........#.......... #.##
#........#..........


You could see a frost giant (ally target), 2 polar bears, a wizard, a gargoyle,
an ice beast and a friendly ogre (summoned, berserk).

Vanquished Creatures
  Harold (D:7)
  A two-headed ogre (D:5)
  Maggie (D:7)
  A kobold demonologist (D:11)
  4 trolls
  Grinder (Sewer)
  6 yaks (D:8)
  A wraith (D:9)
  A wyvern (D:8)
  Grum (D:9)
  2 steam dragons
  An acid dragon (D:5)
  3 water moccasins (D:8)
  An orc warrior (D:7)
  A black bear (D:5)
  An ogre (D:5)
  A hornet zombie (D:8)
  3 wolves (D:9)
  A centaur (D:8)
  2 phantoms
  6 kobold brigands
  A gnoll sergeant (D:9)
  3 scorpions
  18 killer bees
  8 wights
  5 centaur zombies (Ossuary)
  2 hounds
  4 jellies
  A gnoll shaman (D:9)
  4 orc priests
  2 centaur skeletons
  Jessica (D:2)
  2 iguanas (D:5)
  8 orc wizards
  2 killer bee zombies
  5 mummies (Ossuary)
  A howler monkey zombie (D:7)
  12 gnolls
  12 adders
  A shadow imp (Sewer)
  A white imp (D:6)
  5 ufetubi
  7 worms
  3 dart slugs
  31 orcs
  6 bats
  13 endoplasms
  3 giant cockroaches
  8 goblins
  8 hobgoblins
  3 jackals (D:4)
  35 kobolds
  8 quokkas
  10 ball pythons
  4 frilled lizards
  A goblin zombie (D:6)
  3 hobgoblin zombies (Ossuary)
  5 rats
  A rat zombie (D:6)
287 creatures vanquished.

Vanquished Creatures (others)
  60 fungi (D:6)
60 creatures vanquished.

Grand Total: 347 creatures vanquished

Notes
Turn   | Place    | Note
-------+----------+-------------------------------------------
     0 | D:1      | AvatarAndi78 the Minotaur Berserker began the quest for the
                  | Orb.
     0 | D:1      | Reached XP level 1. HP: 19/19 MP: 0/0
   445 | D:1      | Reached XP level 2. HP: 27/27 MP: 1/1
   872 | D:1      | Reached XP level 3. HP: 29/33 MP: 2/2
   912 | D:1      | Reached ** piety under Trog
  1178 | D:1      | Found a blossoming altar of Fedhas.
  1576 | D:2      | Found Xeddoth's Magic Scroll Emporium.
  1590 | D:2      | Bought a scroll of identify for 28 gold pieces
  1618 | D:2      | Noticed Jessica
  1624 | D:2      | Killed Jessica
  1625 | D:2      | Reached XP level 4. HP: 41/41 MP: 3/3
  1731 | D:2      | Reached skill level 5 in Axes
  1896 | D:2      | Bought a scroll of identify for 28 gold pieces
  2125 | D:2      | Found a faded altar of an unknown god.
  2387 | D:3      | Found a glowing drain.
  2397 | Sewer    | Entered a sewer
  2423 | Sewer    | Reached XP level 5. HP: 47/47 MP: 4/4
  2513 | Sewer    | Reached skill level 1 in Maces & Flails
  2553 | Sewer    | Reached *** piety under Trog
  2560 | Sewer    | Reached skill level 5 in Fighting
  2573 | Sewer    | Found an ancient bone altar of Kikubaaqudgha.
  2606 | Sewer    | Noticed Grinder
  2619 | Sewer    | Killed Grinder
  2620 | Sewer    | Reached skill level 1 in Stealth
  2620 | Sewer    | Reached XP level 6. HP: 56/56 MP: 5/5
  2664 | Sewer    | Reached skill level 1 in Long Blades
  2965 | Sewer    | Reached XP level 7. HP: 35/61 MP: 6/6
  2966 | Sewer    | Reached skill level 2 in Long Blades
  3745 | D:3      | Found Esticyv's Assorted Antiques.
  4552 | D:4      | Reached skill level 3 in Long Blades
  4621 | D:4      | Found a burning altar of Makhleb.
  4621 | D:4      | Noticed a green death
  4627 | D:4      | Noticed an orange demon
  4627 | D:4      | Noticed a hellwing
  4662 | D:4      | Found a staircase to the Ecumenical Temple.
  4954 | D:4      | Found an ornate altar of the Wu Jian Council.
  4963 | D:4      | Found a sparkling altar of Nemelex Xobeh.
  4967 | D:4      | Found a glowing silver altar of Zin.
  4968 | D:4      | Found a sacrificial altar of Ru.
  4969 | D:4      | Found a snail-covered altar of Cheibriados.
  4969 | D:4      | Found a broken altar of Ashenzari.
  4969 | D:4      | Found a shadowy altar of Dithmenos.
  4969 | D:4      | Found a glowing golden altar of the Shining One.
  4970 | D:4      | Found a blossoming altar of Fedhas.
  4973 | D:4      | Found an opulent altar of Gozag.
  5003 | D:4      | Reached **** piety under Trog
  5766 | D:5      | Entered Level 5 of the Dungeon
  5790 | D:5      | Reached skill level 4 in Long Blades
  5819 | D:5      | Noticed a two-headed ogre
  5827 | D:5      | Killed a two-headed ogre
  5828 | D:5      | Reached skill level 6 in Long Blades
  5828 | D:5      | Reached skill level 5 in Armour
  5828 | D:5      | Reached XP level 8. HP: 67/71 MP: 7/7
  6037 | D:5      | Reached skill level 7 in Long Blades
  6583 | D:5      | Reached skill level 8 in Long Blades
  6583 | D:5      | Reached XP level 9. HP: 66/79 MP: 8/8
  7013 | D:6      | Found a sand-covered staircase.
  7036 | Ossuary  | Entered an ossuary
  7526 | D:6      | Reached skill level 9 in Long Blades
  7593 | D:6      | Found a bloodstained altar of Trog.
  7597 | D:6      | Found a hazy altar of Hepliaklqana.
  7640 | D:6      | Identified the +2 ring mail "Gisieh" {rF+++ Str-4 Int+2
                  | Stlth+}
  7876 | D:6      | Reached skill level 1 in Shields
  9130 | D:7      | Identified the +7 long sword of Vanity {freeze, rPois
                  | Str+2}
  9224 | D:7      | Noticed Harold
  9240 | D:7      | Killed Harold
  9241 | D:7      | Reached skill level 5 in Maces & Flails
  9289 | D:7      | Reached XP level 10. HP: 86/89 MP: 9/9
  9295 | D:7      | Reached skill level 10 in Long Blades
  9507 | D:7      | Noticed Maggie
  9520 | D:7      | Killed Maggie
 10413 | D:8      | Reached skill level 11 in Long Blades
 10430 | D:8      | Identified the +1 plate armour of the Dwarven Hall {Dex+2}
 11065 | D:9      | Noticed Grum
 11070 | D:9      | Killed Grum
 11074 | D:9      | Reached skill level 5 in Shields
 11221 | D:9      | Found a staircase to the Lair.
 11318 | D:9      | Reached XP level 11. HP: 88/97 MP: 10/10
 11417 | D:9      | You fall into a shaft and drop 3 floors!
 11417 | D:12     | Noticed Nessos
 11877 | D:11     | Noticed a frost giant
 11877 | D:11     | Found the +8 frozen axe "Frostbite" {freezing cloud, *Noise
                  | Fly rC+}
 11886 | D:11     | Noticed a wizard
 11892 | D:11     | Killed from afar by a frost giant

Illustrated notes

Levels and vault maps discovered:
D:1:      dpeg_arrival_water_altar, layout_basic, chequers_serial_rivers_large_a
D:2:      minmay_wonky_spiral, layout_basic, basic_ecumenical_altar,
          serial_shops, shop, hex_tiny, uniq_jessica
D:3:      minmay_recursive_quarters, layout_basic, portal_sewer_entry_f,
          serial_shops, shop
D:4:      layout_basic, minitemple, makhleb_altar_promises_db,
          minmay_temple_entry_crystal_x
D:5:      layout_gridville
D:6:      layout_basic, mainiacjoe_overflow_catch_the_wave, enter_ossuary_4
D:7:      layout_rooms, minmay_misc_feat_tiny, st_stairs_5,
          grunt_decor_junction, uniq_harold, uniq_maggie
D:8:      layout_loops_corners
D:9:      layout_irregular_city, lair_entry_dummy,
          ebering_ghost_reflecting_pool, minivault_27,
          hangedman_decor_diamond_cutter, uniq_grum
D:11:     minmay_coctagon, layout_gridville, nicolae_wwwww
D:12:     wander_kiku_kobolds, layout_rooms, minmay_rotating_lava, uniq_jorgrun,
          uniq_nessos

Skill      XL: |  1  2  3  4  5  6  7  8  9 10 |
---------------+-------------------------------+-----
Fighting       | 4 5 6 7 8 9 |  9.8
Axes           | 4 5 |  5.6
Armour         | 3 4 5 6 7 9 |  9.6
Maces & Flails | 2 3 5 |  5.7
Dodging        | 3 4 |  4.9
Stealth        | 1 |  1.8
Long Blades    | 1 6 8 9 11 | 11.8
Shields        | 2 5 |  5.8

Action                   |  1- 3 |  4- 6 |  7- 9 | 10-12 || total
-------------------------+-------+-------+-------+-------++-------
Melee: Hand axe          |    71 |     3 |       |       ||    74
       Headbutt          |    14 |    12 |    57 |    35 ||   118
       Club              |       |    71 |       |       ||    71
       Scimitar          |       |    43 |   236 |       ||   279
       Flail             |       |       |    76 |       ||    76
       Long sword        |       |       |    15 |   185 ||   200
Invok: Trog's Hand       |       |     2 |     7 |     4 ||    13
       Berserk           |       |     2 |     7 |     1 ||    10
       Brothers in Arms  |       |       |       |     2 ||     2
  Use: Scroll            |     5 |     2 |     5 |     1 ||    13
       Potion            |       |       |     5 |     2 ||     7
Armor: Leather armour    |     7 |    31 |     7 |       ||    45
       Animal skin       |     1 |       |       |       ||     1
       Ring mail         |       |       |     9 |       ||     9
       Scale mail        |       |       |    16 |       ||    16
       Chain mail        |       |       |   100 |       ||   100
       Plate armour      |       |       |    36 |   102 ||   138
Dodge: Dodged            |    51 |    97 |   205 |    85 ||   438
Block: Kite shield       |       |       |    62 |   120 ||   182

Table legend: (Time is in decaauts)
 A = Elapsed time spent in this place.
 B = Non-inter-level travel time spent in this place.
 C = Inter-level travel time spent in this place.
 D = Time resting spent in this place.
 E = Time spent auto-exploring this place.
 F = Levels seen in this place.
 G = Mean time per level.
                   A        B        C        D        E       F      G
               +--------+--------+--------+--------+--------+-----+--------+
         Total |  12094 |  11773 |    321 |      0 |   9725 |  13 |  930.3 |
       Dungeon |  10911 |  10590 |    321 |      0 |   8901 |  11 |  991.9 |
         Sewer |    898 |    898 |      0 |      0 |    631 |   1 |  898.0 |
       Ossuary |    285 |    285 |      0 |      0 |    192 |   1 |  285.0 |
               +--------+--------+--------+--------+--------+-----+--------+

Top non-repeatable levels by time:
     D:6: 1838 daAuts
     D:3: 1315 daAuts
     D:1: 1284 daAuts
     D:4: 1275 daAuts
     D:5: 1213 daAuts
     D:2: 1102 daAuts
     D:8: 1093 daAuts
   Sewer: 898 daAuts
     D:7: 724 daAuts
     D:9: 603 daAuts
    D:11: 455 daAuts
 Ossuary: 285 daAuts
    D:12: 6 daAuts
